 Dungeon Crawl Stone Soup version 0.21.1-1-g345015fe64 (webtiles) character file.

28 KleinerIrrer the Ducker (level 3, 0/31 HPs)
             Began as a Gnoll Gladiator on Mar 17, 2018.
             Slain by a worm (10 damage)
             ... on level 2 of the Dungeon.
             The game lasted 00:01:29 (948 turns).

KleinerIrrer the Ducker (Gnoll Gladiator)            Turns: 948, Time: 00:01:30

Health: 0/31       AC:  5    Str: 16    XL:     3   Next: 14%
Magic:  3/3        EV: 16    Int: 13    God:
Gold:   90         SH:  0    Dex: 17    Spells: 3/3 levels left

rFire    . . .     SeeInvis .   a - +0 war axe
rCold    + . .     Gourm    .   (no shield)
rNeg     . . .     Faith    .   b - +0 leather armour
rPois    .         Spirit   .   c - +0 helmet
rElec    .         Reflect  .   (no cloak)
rCorr    .         Harm     .   q - +0 pair of gloves
MR       .....                  (no boots)
Stlth    ++........             (no amulet)
HPRegen  0.10/turn              e - ring of protection from cold
MPRegen  0.08/turn              n - +3 ring of intelligence

@: no status effects
A: distributed training, fangs 1, strong nose
a: no special abilities


You were on level 2 of the Dungeon.
You were not hungry.

You visited 1 branch of the dungeon, and saw 2 of its levels.

You collected 90 gold pieces.

Inventory:

Hand Weapons
 a - a +0 war axe (weapon)
Missiles
 d - 3 throwing nets (quivered)
Armour
 b - a +0 leather armour (worn)
 c - a +0 helmet (worn)
 q - a +0 pair of gloves (worn)
Jewellery
 e - a ring of protection from cold (left hand)
 n - a +3 ring of intelligence (right hand)
 p - a +2 ring of strength {unknown}
 r - an uncursed ring of protection from cold
Scrolls
 i - a scroll of immolation {unknown}
 j - a scroll of identify {unknown}
 l - a scroll of teleportation {unknown}
 m - a scroll of noise {unknown}
 o - a scroll of enchant weapon {unknown}
Potions
 h - a potion of curing {unknown}
 k - a potion of berserk rage {unknown}
Comestibles
 f - 3 rations
 g - a chunk of flesh


   Skills:
 + Level 4.5 Fighting
 + Level 0.6 Short Blades
 + Level 0.6 Long Blades
 + Level 6.5 Axes
 + Level 0.6 Maces & Flails
 + Level 0.6 Polearms
 + Level 0.6 Staves
 + Level 0.6 Slings
 + Level 0.6 Bows
 + Level 0.6 Crossbows
 + Level 4.5 Throwing
 + Level 0.6 Armour
 + Level 6.5 Dodging
 + Level 0.6 Stealth
 + Level 0.6 Shields
 + Level 0.6 Unarmed Combat
 + Level 0.6 Spellcasting
 + Level 0.4 Conjurations
 + Level 0.4 Hexes
 + Level 0.4 Charms
 + Level 0.4 Summonings
 + Level 0.4 Necromancy
 + Level 0.4 Translocations
 + Level 0.4 Transmutations
 + Level 0.4 Fire Magic
 + Level 0.4 Ice Magic
 + Level 0.4 Air Magic
 + Level 0.4 Earth Magic
 + Level 0.4 Poison Magic
 + Level 0.8 Invocations
 + Level 0.6 Evocations


You had 3 spell levels left.
You didn't know any spells.

Dungeon Overview and Level Annotations

Branches:
Dungeon (2/15)

Altars:
Nemelex Xobeh


Innate Abilities, Weirdness & Mutations

Your experience applies equally to all skills.
You have very sharp teeth.
Your uncanny sense of smell can sniff out nearby items.


Message History

* * * LOW HITPOINT WARNING * * *
You are too injured to fight recklessly!
You are too injured to fight recklessly!
You are too injured to fight recklessly!
You are too injured to fight recklessly!
You are too injured to fight recklessly!
You are too injured to fight recklessly!
You are too injured to fight recklessly!
You are too injured to fight recklessly!
You are too injured to fight recklessly!
You are too injured to fight recklessly!
You hit the worm.
The worm is lightly wounded.
You hit the worm.
The worm is lightly wounded.
The worm barely misses you.
You hit the worm.
The worm is moderately wounded.
The worm bites you!
You die...

#. #. #.#
#..
###.#####
#...w...#
#....@..+
#...(...#
#.......#
#.......#
##..##..#
###.###.#
........#
###+###.#
#.#


You could see a worm.

Vanquished Creatures
  An adder (D:2)
  A worm (D:2)
  A bat (D:1)
  A giant cockroach (D:1)
  2 goblins (D:1)
  A hobgoblin (D:1)
  2 frilled lizards (D:1)
  5 kobolds
  6 rats
20 creatures vanquished.

Notes
Turn   | Place    | Note
-------+----------+-------------------------------------------
     0 | D:1      | KleinerIrrer the Gnoll Gladiator began the quest for the Orb.
     0 | D:1      | Reached XP level 1. HP: 20/20 MP: 1/1
   364 | D:1      | Reached XP level 2. HP: 26/26 MP: 2/2
   884 | D:2      | Found a sparkling altar of Nemelex Xobeh.
   897 | D:2      | Reached XP level 3. HP: 17/31 MP: 3/3
   948 | D:2      | Slain by a worm

Action                   || total
-------------------------++-------
Melee: War axe           ||    46
       Bite              ||     2
 Stab: Sleeping          ||     6
Armor: Leather armour    ||     6
Dodge: Dodged            ||    26
